 Dungeon Crawl Stone Soup version 0.28-a0-630-g0357d9c091 (webtiles) character file.

Game seed: 17328906283727680993

194 Riddle the Shield-Bearer (level 5, -2/47 HPs)
             Began as a Gnoll Fighter on Oct 9, 2021.
             Was an Initiate of Ru.
             Slain by an orc priest (5 damage)
             ... on level 4 of the Dungeon.
             The game lasted 00:05:36 (2555 turns).

Riddle the Shield-Bearer (Gnoll Fighter)            Turns: 2555, Time: 00:05:37

Health: -2/47      AC: 14    Str: 17    XL:     5   Next: 73%
Magic:  7/7        EV:  7    Int:  7    God:    Ru [......]
Gold:   188        SH:  5    Dex: 11    Spells: 7/7 levels left

rFire   . . .      SeeInvis .   a - +0 war axe
rCold   . . .      Faith    .   c - +0 buckler
rNeg    . . .      Spirit   .   r - +0 chain mail
rPois   .          Reflect  .   k - +0 helmet
rElec   .          Harm     .   q - +1 cloak
rCorr   .          Rampage  .   (no gloves)
Will    .....                   (no boots)
Stlth   ..........              f - amulet of regeneration
HPRegen 1.15/turn               (no ring)
MPRegen 0.10/turn               (no ring)

@: no status effects
A: fangs 1, strong nose, distributed training
a: Renounce Religion


You were on level 4 of the Dungeon.
You worshipped Ru.
Ru was noncommittal.
You visited 2 branches of the dungeon, and saw 5 of its levels.

You collected 188 gold pieces.

Inventory:

Hand Weapons
 a - a +0 war axe (weapon)
Armour
 c - a +0 buckler (worn)
 k - a +0 helmet (worn)
 q - a +1 cloak (worn)
 r - a +0 chain mail (worn)
Jewellery
 b - an amulet of the acrobat
 f - an amulet of regeneration (around neck)
 l - a ring of ice
Wands
 p - a wand of digging (1)
Scrolls
 e - a scroll of vulnerability {unknown}
 h - a scroll of identify {unknown}
 i - a scroll of holy word {unknown}
 j - a scroll of teleportation {unknown}
 m - a scroll of acquirement {unknown}
Potions
 d - a potion of might
 g - a potion of berserk rage {unknown}
 n - a potion of cancellation {unknown}
 o - a potion of mutation {unknown}
 s - a potion of haste {unknown}


   Skills:
 + Level 6.7 Fighting
 + Level 1.6 Short Blades
 + Level 1.6 Long Blades
 + Level 4.8 Axes
 + Level 1.6 Maces & Flails
 + Level 1.6 Polearms
 + Level 1.6 Staves
 + Level 1.6 Slings
 + Level 1.6 Bows
 + Level 1.6 Crossbows
 + Level 1.6 Throwing
 + Level 6.7 Armour
 + Level 1.6 Dodging
 + Level 1.6 Stealth
 + Level 6.7 Shields
 + Level 1.6 Unarmed Combat
 + Level 1.6 Spellcasting
 + Level 1.3 Conjurations
 + Level 1.3 Hexes
 + Level 1.3 Summonings
 + Level 1.3 Necromancy
 + Level 1.3 Translocations
 + Level 1.3 Transmutations
 + Level 1.3 Fire Magic
 + Level 1.3 Ice Magic
 + Level 1.3 Air Magic
 + Level 1.3 Earth Magic
 + Level 1.3 Poison Magic
 + Level 1.8 Invocations
 + Level 1.6 Evocations


You had 7 spell levels left.
You didn't know any spells.
Your spell library contained the following spells:

 Spells                   Type           Power      Damage    Failure   Level
 Static Discharge         Conj/Air       2%         N/A       99%         2
 Lightning Bolt           Conj/Air       1%         1d12      100%        5
 Maxwell's Capacitive Co  Air            1%         ∞         100%        8


Dungeon Overview and Level Annotations

Branches:
Dungeon (4/15)             Temple (1/1) D:4

Altars:
Cheibriados
Elyvilon
Fedhas
Gozag
Hepliaklqana
Okawaru
Qazlal
Ru
Sif Muna
Trog
Uskayaw
Vehumet
Wu Jian
Xom
Zin
The Shining One


Innate Abilities, Weirdness & Mutations

You have very sharp teeth.
Your uncanny sense of smell can sniff out nearby items.
Your experience applies equally to all skills.


Message History

Beogh smites you!
Unknown command.
You closely miss the orc wizard.
The orc wizard is almost dead.
The orc wizard casts a spell at you. The puff of flame hits you.
The orc wizard hits you with a +0 dagger.
* * * LOW HITPOINT WARNING * * *
Unknown command.
You're too confused to move!
The orc wizard casts a spell at you. You resist with some effort.
Unknown command.
You miss the orc wizard.
The orc wizard is almost dead.
The orc priest looks satisfied for a moment.
The orc wizard hits you with a +0 dagger.
* * * LOW HITPOINT WARNING * * *
Unknown command.
Okay, then.
You bump into the rock wall.
The orc wizard hits you with a +0 dagger.
* * * LOW HITPOINT WARNING * * *
Unknown command.
Okay, then.
You hit the orc wizard.
You kill the orc wizard!
You feel less confused.
Unknown command.
You hit the orc priest but do no damage.
The orc priest hits you but does no damage. x2
Unknown command.
You hit the orc priest but do no damage.
The orc priest calls down the wrath of Beogh upon you.
Beogh smites you!
* * * LOW HITPOINT WARNING * * *
Unknown command.
Your chain mail prevents you from hitting the orc priest.
The orc priest hits you with a +0 short sword.
You die...

###.......######...###.....#
###..........b..##..(..###
#.#########............# ∆
...# ###.......b##...###
###.. ..........#.##..)# ###
##....#.....##...#
....##.....#######
..##...#.#...##### ∆ #
#.###@###.....# #. #o#
###.### #.# ##.# #.# ##.>#
##### ### #.###..## ..o..#
#.. ##.#...##
......##.#####....###
.......#.##.....###
.oo....#.#..###.#


You could see an orc priest.

Vanquished Creatures
  Natasha (thrice) (D:3)
  An orc wizard (D:4)
  Robin (D:2)
  An adder (D:2)
  An adder skeleton (D:4)
  A worm (D:2)
  A dart slug (D:3)
  3 orcs
  5 ball pythons
  5 bats
  6 endoplasms
  2 giant cockroaches (D:1)
  12 goblins
  7 hobgoblins
  2 jackals (D:2)
  4 kobolds
  2 quokkas
  3 frilled lizards
  3 rats
63 creatures vanquished.

Vanquished Creatures (others)
  An orc wizard (D:4)
  2 plants (D:3)
3 creatures vanquished.

Grand Total: 66 creatures vanquished

Notes
Turn   | Place    | Note
-------+----------+-------------------------------------------
     0 | D:1      | Riddle the Gnoll Fighter began the quest for the Orb.
     0 | D:1      | Reached XP level 1. HP: 23/23 MP: 1/1
    77 | D:1      | Reached XP level 2. HP: 25/29 MP: 2/2
   121 | D:1      | Found a faded altar of an unknown god.
   188 | D:1      | You fall into a shaft and drop 1 floor!
   198 | D:2      | Noticed Robin
   213 | D:2      | Reached XP level 3. HP: 6/35 MP: 3/3
   215 | D:2      | Killed Robin
   485 | D:1      | Reached skill level 1 in Invocations
   652 | D:1      | Reached skill level 1 in Short Blades
   652 | D:1      | Reached skill level 1 in Long Blades
   652 | D:1      | Reached skill level 1 in Maces & Flails
   652 | D:1      | Reached skill level 1 in Polearms
   652 | D:1      | Reached skill level 1 in Staves
   652 | D:1      | Reached skill level 1 in Slings
   652 | D:1      | Reached skill level 1 in Bows
   652 | D:1      | Reached skill level 1 in Crossbows
   652 | D:1      | Reached skill level 1 in Throwing
   652 | D:1      | Reached skill level 1 in Dodging
   652 | D:1      | Reached skill level 1 in Stealth
   652 | D:1      | Reached skill level 1 in Unarmed Combat
   652 | D:1      | Reached skill level 1 in Spellcasting
   652 | D:1      | Reached skill level 1 in Evocations
  1014 | D:1      | Reached XP level 4. HP: 41/41 MP: 5/5
  1613 | D:3      | Noticed Natasha
  1619 | D:3      | Killed Natasha
  1620 | D:3      | Reached skill level 1 in Conjurations
  1620 | D:3      | Reached skill level 1 in Hexes
  1620 | D:3      | Reached skill level 1 in Summonings
  1620 | D:3      | Reached skill level 1 in Necromancy
  1620 | D:3      | Reached skill level 1 in Translocations
  1620 | D:3      | Reached skill level 1 in Transmutations
  1620 | D:3      | Reached skill level 1 in Fire Magic
  1620 | D:3      | Reached skill level 1 in Ice Magic
  1620 | D:3      | Reached skill level 1 in Air Magic
  1620 | D:3      | Reached skill level 1 in Earth Magic
  1620 | D:3      | Reached skill level 1 in Poison Magic
  1706 | D:3      | Found a glowing silver altar of Zin.
  1750 | D:3      | Noticed Natasha
  1757 | D:3      | Killed Natasha
  1758 | D:3      | Reached XP level 5. HP: 47/47 MP: 5/7
  1815 | D:3      | Noticed Natasha
  1823 | D:3      | Killed Natasha
  1926 | D:3      | Found an opulent altar of Gozag.
  2242 | D:4      | Found a staircase to the Ecumenical Temple.
  2255 | Temple   | Entered the Ecumenical Temple
  2327 | Temple   | Became a worshipper of Ru the Awakened
  2391 | D:4      | Found a shimmering altar of Xom.
  2554 | D:4      | HP: 2/47 [orc priest/divine providence (14)]
  2555 | D:4      | Slain by an orc priest

Illustrated notes

Levels and vault maps discovered:
D:1:      minmay_arrival_wavy_path, layout_loops_ring, basic_ecumenical_altar
D:2:      layout_rooms, kennysheep_nondescript, uniq_robin
D:3:      layout_loops_ring, pdpol_temple_overflow_zin_treasury_gozag_greed,
          nrook_mini_backslash, guppyfry_early_lair_pool, uniq_natasha
D:4:      layout_rooms, xom_butterflies, temple_statues, uniq_crazy_yiuf_cottage
Temple:   nicolae_temple_god_jail

Skill      XL: |  1  2  3  4 |
---------------+-------------+-----
Invocations    | 1 |  1.8
Short Blades   | 1 |  1.6
Long Blades    | 1 |  1.6
Maces & Flails | 1 |  1.6
Polearms       | 1 |  1.6
Staves         | 1 |  1.6
Slings         | 1 |  1.6
Bows           | 1 |  1.6
Crossbows      | 1 |  1.6
Throwing       | 1 |  1.6
Dodging        | 1 |  1.6
Stealth        | 1 |  1.6
Unarmed Combat | 1 |  1.6
Spellcasting   | 1 |  1.6
Evocations     | 1 |  1.6
Conjurations   | 1 |  1.3
Hexes          | 1 |  1.3
Summonings     | 1 |  1.3
Necromancy     | 1 |  1.3
Translocations | 1 |  1.3
Transmutations | 1 |  1.3
Fire Magic     | 1 |  1.3
Ice Magic      | 1 |  1.3
Air Magic      | 1 |  1.3
Earth Magic    | 1 |  1.3
Poison Magic   | 1 |  1.3
Fighting       | |  6.7
Axes           | |  4.8
Armour         | |  6.7
Shields        | |  6.7

Action                   |  1- 3 |  4- 6 || total
-------------------------+-------+-------++-------
Melee: War axe           |    79 |    85 ||   164
       Bite              |     6 |     7 ||    13
Armor: Scale mail        |    49 |    29 ||    78
       Chain mail        |       |     6 ||     6
Dodge: Dodged            |    58 |    40 ||    98
Block: Buckler           |    31 |    16 ||    47

Table legend: (Time is in decaauts)
 A = Elapsed time spent in this place.
 B = Non-inter-level travel time spent in this place.
 C = Inter-level travel time spent in this place.
 D = Time resting spent in this place.
 E = Time spent auto-exploring this place.
 F = Levels seen in this place.
 G = Mean time per level.
                   A        B        C        D        E       F      G
               +--------+--------+--------+--------+--------+-----+--------+
         Total |   2601 |   2446 |    155 |    249 |   1677 |   5 |  520.2 |
       Dungeon |   2517 |   2386 |    131 |    249 |   1648 |   4 |  629.2 |
        Temple |     84 |     60 |     24 |      0 |     29 |   1 |   84.0 |
               +--------+--------+--------+--------+--------+-----+--------+

Top non-repeatable levels by time:
     D:1: 835 daAuts
     D:3: 728 daAuts
     D:2: 712 daAuts
     D:4: 239 daAuts
  Temple: 84 daAuts
